Map: Romanticide LE

Players

SKillous

  • Race: Protoss Protoss
  • League: Master
  • Spawn Location: 11:00

INnoVation - Winner!

  • Race: Terran Terran
  • Spawn Location: 5:00

Event: StayAtHome Story Cup #3

VOD

Have the link to the VOD?

Description

Time

  • Played on: March 12, 2021, 10:06 a.m.
  • Length: 13:17

All games in this series

Show
View Real Time Build Order
Export as new Build Order

SKillous Protoss 

Build Orders: 1 Gate Expand, Blink Stalkers 

Get SALT Encoding   

  12  0:01  Probe  
  13  0:13  Probe  
  14  0:18  Pylon  
  14  0:25  Probe (Chrono Boost)  
  15  0:37  Probe (Chrono Boost), Gateway  
  16  0:43  Assimilator  
  16  0:46  Probe (Chrono Boost)  
  17  0:53  Probe  
  18  1:05  Probe  
  19  1:17  Probe  
  20  1:25  Cybernetics Core  
  20  1:32  Nexus  
  20  1:39  Pylon  
  20  1:44  Probe  
  21  1:51  Assimilator  
  21  1:58  Adept (Chrono Boost)  
  21  1:59  Probe  
  22  2:02  Warp Gate  
  24  2:11  Probe  
  25  2:20  Stalker (Chrono Boost)  
  25  2:23  Probe  
  28  2:34  Twilight Council  
  28  2:35  Probe  
  29  2:47  Probe x2, Gateway  
  31  2:59  Probe x2  
  33  3:07  Blink (Chrono Boost)  
  33  3:11  Probe (Chrono Boost)  
  35  3:13  Probe (Chrono Boost)  
  35  3:19  Robotics Facility  
  35  3:23  Probe (Chrono Boost)  
  37  3:29  Probe (Chrono Boost)  
  37  3:31  Probe (Chrono Boost)  
  38  3:35  Probe  
  38  3:37  Probe  
  40  3:42  Shield Battery  
  40  3:48  Probe  
  41  3:49  Probe, Stalker x2  
  41  3:54  Pylon  
  46  4:09  Probe x2  
  46  4:12  Stalker x2  
  50  4:21  Probe (Chrono Boost)  
  47  4:25  Probe (Chrono Boost)  
  47  4:29  Observer  
  47  4:31  Nexus  
  48  4:33  Probe (Chrono Boost)  
  48  4:34  Pylon  
  48  4:37  Probe (Chrono Boost)  
  50  4:39  Assimilator  
  50  4:42  Stalker  
  50  4:43  Probe  
  53  4:48  Probe  
  53  4:50  Pylon  
  54  4:55  Probe  
  54  4:56  Forge  
  56  5:00  Observer, Probe  
  56  5:02  Charge  
  57  5:10  Probe (Chrono Boost)  
  57  5:11  Gateway  
  57  5:12  Gateway  
  57  5:14  Probe (Chrono Boost)  
  60  5:23  Probe (Chrono Boost)  
  60  5:24  Probe (Chrono Boost)  
  60  5:28  Observer  
  62  5:31  Probe  
  62  5:34  Probe  
  64  5:37  Gateway  
  64  5:38  Gateway, Protoss Ground Weapons Level 1 (Chrono Boost)  
  64  5:40  Stalker x2  
  68  5:43  Probe  
  68  5:48  Probe x2  
  71  5:53  Gateway  
  71  5:56  Probe  
  72  6:00  Probe x2  
  72  6:03  Observer (Chrono Boost)  
  74  6:05  Assimilator  
  74  6:08  Probe, Sentry x2  
  79  6:11  Shield Battery  
  79  6:12  Probe  
  79  6:14  Probe  
  79  6:17  Pylon x2, Immortal (Chrono Boost)  
  85  6:25  Gateway  
  85  6:27  Pylon  
  85  6:35  Sentry  
  85  6:36  Zealot x5  
  85  6:39  Pylon  
  97  6:52  Zealot  
  98  6:56  Immortal  
  98  6:58  Stalker x3  
  108  7:10  Shield Battery  
  108  7:11  Photon Cannon  
  108  7:14  Zealot x2  
  108  7:15  Zealot x2  
  113  7:23  Pylon, Protoss Ground Armor Level 1 (Chrono Boost)  
  113  7:26  Zealot x2  
  113  7:29  Pylon  
  117  7:30  Pylon  
  107  7:46  Probe x3 (Chrono Boost)  
  107  7:50  Zealot x3  
  107  7:51  Zealot x2  
  100  7:56  Stalker  
  99  7:58  Probe (Chrono Boost)  
  99  8:03  Probe (Chrono Boost), Warp Prism (Chrono Boost)  
  99  8:04  Probe (Chrono Boost)  
  98  8:09  Probe (Chrono Boost)  
  98  8:12  Probe (Chrono Boost)  
  102  8:15  Assimilator  
  102  8:16  Robotics Bay  
  102  8:19  Probe (Chrono Boost)  
  104  8:20  Assimilator  
  104  8:21  Probe (Chrono Boost)  
  104  8:24  Probe (Chrono Boost), Zealot x2  
  104  8:26  Zealot  
  104  8:27  Probe (Chrono Boost)  
  111  8:28  Probe  
  111  8:33  Probe  
  114  8:35  Templar Archives  
  114  8:38  Probe  
  116  8:45  Zealot x4  
  116  8:47  Pylon  
  123  8:49  Pylon  
  123  8:55  Pylon  
  123  8:58  Probe  
  124  9:02  Colossus (Chrono Boost)  
  116  9:17  Zealot x5  
  116  9:18  Zealot x2  
  116  9:21  Pylon, Zealot  
  123  9:33  Observer  
  123  9:38  Zealot x5  
  111  9:40  Zealot  
  111  9:43  Zealot  
  97  9:46  Colossus (Chrono Boost)  
  97  9:51  Stalker  
  96  10:00  Stalker x2  
  96  10:01  Stalker x2  
  96  10:02  High Templar x2  
  108  10:07  Archon, Assimilator  
  108  10:09  Probe  
  108  10:10  Probe x2, Sentry  
  113  10:21  High Templar  
  113  10:27  High Templar  
  113  10:28  High Templar x2  
  119  10:30  Probe  
  119  10:31  Protoss Ground Weapons Level 2 (Chrono Boost)  
  119  10:32  Archon  
  122  10:37  Archon  
  122  10:39  Zealot x4  
  130  10:45  Extended Thermal Lance  
  130  10:47  Pylon  
  130  10:50  Pylon  
  130  10:51  Nexus  
  130  10:56  Pylon  
  111  11:07  Zealot x6  
  115  11:12  Observer (Chrono Boost)  
  116  11:19  High Templar  
  116  11:20  High Templar, Pylon  
  116  11:21  Probe x3  
  123  11:28  Zealot x5  
  131  11:32  Zealot  
  131  11:36  Archon  
  131  11:38  Colossus (Chrono Boost)  
  121  11:45  Probe  
  121  11:46  Probe  
  125  12:05  Zealot x7  
  136  12:16  Photon Cannon  
  136  12:17  Probe x4  
  130  12:27  Stalker x4  
  130  12:28  Disruptor (Chrono Boost)  
  132  12:30  Observer  
  132  12:35  Probe x2  
  133  12:40  Zealot x2  
  131  12:44  Sentry  
  131  12:47  Shield Battery  
  131  12:48  Assimilator  
  131  12:49  Stalker  
  131  12:52  Assimilator  
  131  12:58  High Templar x4  
  133  13:03  Archon x2  
  133  13:05  Zealot x2  
  135  13:07  Pylon  
  135  13:09  Zealot  
Show
View Real Time Build Order
Export as new Build Order

INnoVation Terran - Winner!

Build Orders:  

Get SALT Encoding   

  12  0:00  SCV  
  13  0:12  SCV  
  14  0:17  Supply Depot  
  14  0:24  SCV  
  15  0:38  SCV  
  15  0:40  Barracks  
  16  0:43  Refinery  
  16  0:50  SCV  
  16  0:53  Refinery  
  17  1:02  SCV  
  18  1:07  Supply Depot  
  18  1:14  SCV  
  19  1:27  Reaper  
  19  1:28  Orbital Command  
  20  1:42  Factory  
  20  1:53  SCV  
  21  1:59  Marine  
  22  2:05  SCV  
  23  2:16  Command Center  
  23  2:18  Barracks Reactor  
  23  2:21  SCV  
  24  2:31  Starport  
  24  2:36  Widow Mine  
  26  2:37  SCV  
  26  2:44  Supply Depot  
  27  2:49  SCV  
  28  2:54  Marine  
  28  2:55  Marine  
  30  2:59  Widow Mine  
  30  3:05  SCV  
  32  3:08  Medivac  
  32  3:12  Marine x2  
  34  3:17  SCV  
  37  3:21  Widow Mine  
  39  3:28  Orbital Command  
  39  3:30  SCV  
  39  3:33  Marine x2  
  42  3:42  SCV, Factory Tech Lab  
  42  3:43  Starport Tech Lab  
  43  3:50  Bunker  
  43  3:53  Marine x2  
  43  3:55  SCV x2  
  46  4:03  Siege Tank  
  46  4:06  Supply Depot  
  46  4:09  Raven  
  49  4:12  SCV x2  
  53  4:20  Marine  
  54  4:27  Marine  
  54  4:28  SCV x2  
  54  4:30  Supply Depot  
  57  4:35  Siege Tank  
  60  4:38  Barracks  
  60  4:41  SCV, Marine  
  60  4:44  SCV  
  60  4:45  Marine  
  61  4:46  Refinery  
  62  4:54  SCV, Engineering Bay  
  62  4:56  SCV  
  62  4:58  Marine  
  65  5:03  Marine  
  66  5:12  SCV x2, Barracks  
  68  5:15  Supply Depot  
  69  5:21  Terran Infantry Weapons Level 1  
  69  5:24  Supply Depot  
  69  5:26  SCV x2  
  69  5:27  Factory Reactor  
  69  5:28  Starport Reactor  
  70  5:31  Supply Depot  
  70  5:37  Marine x3, Stimpack  
  70  5:38  SCV x2  
  70  5:42  Supply Depot  
  75  5:49  Refinery  
  75  5:50  SCV x2  
  75  5:55  Marine x2  
  79  6:00  Combat Shield, Supply Depot  
  79  6:01  Marauder x2  
  79  6:02  SCV x2  
  79  6:08  Medivac x2  
  83  6:12  Widow Mine  
  83  6:14  Widow Mine  
  83  6:15  Marine x2  
  83  6:16  SCV  
  83  6:17  SCV  
  91  6:23  Supply Depot  
  91  6:27  Marauder  
  91  6:28  Marauder  
  95  6:33  SCV, Marine x2  
  95  6:34  Widow Mine, SCV  
  95  6:36  Widow Mine  
  95  6:39  Supply Depot  
  103  6:41  Medivac  
  103  6:43  Medivac  
  103  6:46  SCV  
  108  6:48  Supply Depot  
  108  6:54  Marauder x2  
  111  6:55  Marine x2  
  111  6:57  Widow Mine  
  111  6:59  Widow Mine  
  112  7:11  Command Center  
  112  7:15  Marine x2  
  112  7:16  Marauder x2, Concussive Shells  
  112  7:19  Terran Infantry Armor Level 1  
  118  7:25  Widow Mine x2  
  122  7:37  Marine x2  
  122  7:38  Marauder x2  
  120  7:46  Widow Mine, Medivac  
  120  7:47  Widow Mine, Medivac  
  105  8:05  Barracks x2  
  101  8:06  Marauder x2, Marine x2  
  101  8:08  Widow Mine  
  101  8:10  SCV x2  
  111  8:16  Medivac  
  111  8:17  Medivac  
  115  8:22  SCV  
  115  8:23  SCV, Armory  
  115  8:24  Orbital Command  
  117  8:29  Widow Mine  
  117  8:30  Widow Mine  
  121  8:34  SCV  
  121  8:35  SCV  
  121  8:36  Marauder x2  
  121  8:38  Marine x2  
  129  8:44  Supply Depot  
  129  8:46  SCV  
  129  8:47  SCV  
  131  8:51  Widow Mine  
  131  8:52  Widow Mine  
  131  8:53  Barracks Reactor, Barracks Tech Lab  
  135  8:56  Marine x2  
  135  8:57  Marauder x2  
  135  9:00  SCV x3  
  144  9:03  Missile Turret  
  144  9:05  Supply Depot  
  144  9:07  Supply Depot  
  140  9:15  Marauder, Marine x2  
  139  9:18  Marauder  
  139  9:19  Marauder  
  139  9:22  Widow Mine x2, Terran Infantry Weapons Level 2  
  145  9:29  SCV x3  
  140  9:36  Marauder  
  140  9:37  Marine x3  
  140  9:38  Marine  
  131  9:40  Marauder x2  
  131  9:42  Medivac  
  127  9:45  SCV x2  
  127  9:46  SCV  
  127  9:47  Widow Mine x2, Refinery  
  131  9:58  Marauder  
  131  9:59  SCV x3  
  133  10:01  Marauder x2  
  133  10:02  Marine x4  
  141  10:11  Refinery  
  141  10:12  Ghost Academy  
  141  10:13  Widow Mine  
  143  10:15  Widow Mine  
  145  10:22  Marine x4  
  145  10:24  Refinery  
  145  10:25  Viking  
  147  10:33  Marauder x3  
  153  10:39  Widow Mine x2  
  153  10:40  Marine x4, Supply Depot  
  161  10:47  Command Center  
  161  10:54  Engineering Bay, Viking  
  161  10:55  Viking  
  163  10:58  Ghost x2  
  160  11:05  Ghost  
  160  11:07  Marine x4  
  160  11:23  Enhanced Shockwaves  
  160  11:25  Marine x2  
  160  11:26  Marine  
  160  11:27  Marauder x2  
  166  11:35  Marauder  
  160  11:45  Marine x4  
  160  11:46  SCV x2  
  160  11:47  SCV  
  161  11:48  Ghost x2  
  161  11:53  Barracks x2  
  165  11:55  Ghost  
  165  11:56  Barracks  
  165  11:58  Viking x2  
  165  12:00  SCV x3  
  174  12:05  Planetary Fortress  
  174  12:13  SCV  
  174  12:14  SCV x2  
  173  12:22  Barracks  
  165  12:25  SCV  
  165  12:26  SCV x2  
  165  12:31  Viking x2  
  169  12:38  SCV x3  
  169  12:43  Marine x4  
  177  12:44  Marauder x2  
  177  12:46  SCV  
  177  12:48  Refinery x2  
  177  12:50  SCV x2  
  180  12:54  Barracks Tech Lab  
Tags
 
Add a new tag
Caveats
  • Supply blocks, unpowered buildings, or Contaminate may cause inaccurate times.
  • Supply counts are checked every 10 seconds.